AoeStats
← Navix de los Bosques de Lituania

Arabia

509660720Analyzed
3v3 RM · 3d ago on Sep 27, 2026· 44m 33s· 6 players
Game mode
Random Map
Map size
Normal (6 player)
Population
200
Speed
Normal
Resources
Standard
Victory
Conquest
Starting age
Dark Age
Ending age
Imperial Age
RankedLock teamsTeams togetherTeam positionsShared explorationLock speedFull tech treeHidden civsTurbo modeCheats
Victory
Defeat
🇨🇴 Slavs · Colombia
678
+17
🇦🇺 Danes · Australia
678
+17
664
+18
🇪🇸 Turks · Spain
708
-18
🇪🇸 Celts · Spain
704
-17
🇪🇸 Wei · Spain
687
-17
Derzer
9:51 Feudal Age
13:32 Man-at-Arms
19:00 Double-Bit Axe
22:14 Castle Age
21:08 Double-Bit Axe
23:00 Horse Collar
23:32 Bow Saw
23:52 Light Cavalry
25:39 Bloodlines
28:13 Gold Mining
29:29 Heavy Plow
30:45 Wheelbarrow
30:17 Husbandry
30:39 Stone Mining
31:27 Gold Shaft Mining
31:03 Caravan
31:34 Scale Barding Armor
34:39 Detinets
39:31 Imperial Age
37:20 Hand Cart
40:11 Chain Barding Armor
42:09 Elite Boyar
44:18 Conscription
45:26 Plate Barding Armor
45:01 Forging
46:13 Two-Man Saw
Navix de los Bosques de Lituania
5:07 Loom
10:57 Feudal Age
11:59 Double-Bit Axe
12:27 Gold Mining
15:14 Padded Archer Armor
15:36 Fletching
17:18 Scale Mail Armor
19:19 Forging
24:36 Castle Age
23:41 Wheelbarrow
25:23 Thumb Ring
24:39 Crossbowman
25:37 Leather Archer Armor
28:21 Bodkin Arrow
29:02 Iron Casting
28:43 Chain Mail Armor
29:45 Bow Saw
31:21 Hand Cart
31:52 Gold Shaft Mining
31:47 Horse Collar
THENEYK
10:16 Feudal Age
10:42 Man-at-Arms
11:50 Arson
17:04 Wheelbarrow
18:43 Horse Collar
19:48 Town Watch
23:09 Castle Age
21:31 Stone Mining
32:35 Husbandry
32:50 Scale Barding Armor
38:16 Gambesons
37:53 Long Swordsman
44:38 Imperial Age
44:40 Scale Mail Armor
44:51 Forging
Falso 9
13:57 Feudal Age
15:17 Wheelbarrow
14:24 Horse Collar
14:38 Double-Bit Axe
26:09 Gold Mining
29:24 Castle Age
28:37 Stone Mining
30:51 Hand Cart
31:49 Bow Saw
32:22 Gold Shaft Mining
DEPORAI
1:05 Loom
11:20 Feudal Age
12:37 Wheelbarrow
11:46 Horse Collar
11:53 Double-Bit Axe
12:37 Gold Mining
15:12 Town Watch
16:25 Man-at-Arms
24:24 Stone Mining
27:42 Castle Age
29:00 Hand Cart
29:06 Bow Saw
29:09 Long Swordsman
29:37 Gambesons
29:39 Arson
32:20 Elite Skirmisher
33:15 Fletching
33:36 Forging
33:28 Scale Mail Armor
33:30 Padded Archer Armor
42:31 Murder Holes
42:57 Ballistics
ÑamÑam88
12:33 Feudal Age
13:51 Wheelbarrow
12:50 Man-at-Arms
17:06 Bloodlines
20:56 Forging
20:50 Scale Mail Armor
26:05 Castle Age
24:32 Stone Mining
28:08 Elite Skirmisher
31:34 Pikeman
36:36 Husbandry
36:55 Squires
38:15 Fletching
41:02 Stone Shaft Mining
43:52 Light Cavalry
Connection lost

Rejoining the realm…

Still unreachable

The connection could not be restored.

Session expired

The server has moved on; the page needs a fresh start.